Blues vs Predators

Created - April 11 2010 at 13:06

Goals
1 2 3 T
Blues 2 1 1 4
Predators 3 2 0 5
Shots
1 2 3 T
Blues 12 16 10 38
Predators 19 4 9 32

Period #1

1. Predators , Braydon Coburn 1 (Tomas Kaberle, Jeff Carter) at 1:48 (PP)
2. Blues , Saku Koivu 1 (Kristian Huselius, Robyn Regehr) at 4:47
3. Predators , Zbynek Michalek 1 (Alex Burrows, Scott Hartnell) at 5:03
4. Blues , Mike Comrie 2 (Chris Chelios) at 13:25
5. Predators , Alex Burrows 3 (Scott Hartnell, Zbynek Michalek) at 13:51

Penalties :
Hal Gill (STL) for Slashing (Minor) at 1:32, Shea Weber (NSH) for Holding (Minor) at 5:19, Jeff Carter (NSH) for Roughing (Minor) at 7:49, Hal Gill (STL) for Slashing (Minor) at 11:13, Brad Lukowich (STL) for Hooking (Minor) at 15:55, Zbynek Michalek (NSH) for Hooking (Minor) at 19:07

Period #2

6. Blues , Brad Lukowich 1 (Matthew Lombardi, Chris Kunitz) at 4:21 (PP)
7. Predators , Alex Burrows 4 (Zbynek Michalek) at 5:00
8. Predators , Nicklas Backstrom 1 (Thomas Vanek, Brent Burns) at 11:00

Penalties :
Scott Hartnell (NSH) for Roughing (Minor) at 3:25, Braydon Coburn (NSH) for Tripping (Minor) at 6:22, Braydon Coburn (NSH) for Hooking (Minor) at 8:25, Braydon Coburn (NSH) for Hooking (Minor) at 12:28, Shea Weber (NSH) for Slashing (Minor) at 13:02, Zbynek Michalek (NSH) for Interference (Minor) at 16:43

Period #3

9. Blues , Scott Niedermayer 1 (Mike Comrie, Matthew Lombardi) at 14:48 (PP)

Penalties :
Marek Svatos (STL) for Tripping (Minor) at 3:08, Daymond Langkow (STL) for Holding (Minor) at 3:22, Derek Morris (NSH) for Interference (Minor) at 5:36, Steven Stamkos (NSH) for Roughing (Minor) at 9:08, Braydon Coburn (NSH) for Fighting (Major) at 13:18, Jamie Langenbrunner (STL) for Fighting (Major) at 13:18, Brent Burns (NSH) for Charging (Minor) at 14:42

Goalie Stats

Jonathan Quick (STL), 27 saves from 32 shots - (0.844), L, 0-2-0, 59:44 minutes
Pekka Rinne (NSH), 34 saves from 38 shots - (0.895), W, 1-0-0, 60:00 minutes

Players Stats

Blues
Player Name              G  A  P  +/- PIM S  H  SB FO    MP 
------------------------------------------------------------
Brad Lukowich            1  0  1   0  2   2  1  0  0/0   20 
Brian Willsie            0  0  0  -1  0   0  1  0  0/0   7  
Chris Chelios            0  1  1  -2  0   0  2  0  0/0   10 
Chris Kunitz             0  1  1   0  0   1  3  0  0/1   19 
Daymond Langkow          0  0  0  -2  2   0  0  1  14/28 17 
Dion Phaneuf             0  0  0  -1  0   0  2  1  0/0   25 
Hal Gill                 0  0  0  -2  4   0  2  2  0/0   15 
Jamie Langenbrunner      0  0  0   0  5   4  2  0  2/2   19 
Jerred Smithson          0  0  0   0  0   0  0  0  0/0   0  
Jussi Jokinen            0  0  0  -2  0   2  0  0  0/0   9  
Kristian Huselius        0  1  1   1  0   5  0  0  2/2   23 
Marek Svatos             0  0  0   1  2   1  1  0  0/0   9  
Matthew Lombardi         0  2  2  -2  0   2  0  0  12/26 21 
Mike Comrie              1  1  2  -1  0   1  0  0  2/6   19 
Robyn Regehr             0  1  1   1  0   2  3  0  0/0   23 
Saku Koivu               1  0  1   1  0   8  0  0  19/37 22 
Scott Niedermayer        1  0  1   0  0   8  0  1  0/0   25 
Stephane Yelle           0  0  0  -1  0   2  0  1  0/0   7  
Predators
Player Name              G  A  P  +/- PIM S  H  SB FO    MP 
------------------------------------------------------------
Alex Burrows             2  1  3   2  0   5  1  0  0/0   15 
Braydon Coburn           1  0  1   1  11  1  5  0  0/0   20 
Brent Burns              0  1  1   1  2   0  2  0  0/0   21 
David Legwand            0  0  0   2  0   0  0  1  14/32 18 
Derek Morris             0  0  0   2  2   0  3  1  0/0   17 
Jeff Carter              0  1  1  -1  2   6  0  0  15/26 15 
Nicklas Backstrom        1  0  1   1  0   5  1  0  10/23 16 
Patrik Elias             0  0  0  -1  0   0  3  0  0/2   17 
Scott Hartnell           0  2  2   2  2   0  2  0  0/0   17 
Scottie Upshall          0  0  0   0  0   1  0  0  0/0   2  
Shea Weber               0  0  0  -1  4   7  4  3  0/0   23 
Simon Gagne              0  0  0  -1  0   0  1  0  1/1   15 
Steven Stamkos           0  0  0   1  2   3  4  0  0/1   17 
Thomas Vanek             0  1  1   1  0   2  0  0  0/0   16 
Tomas Kaberle            0  1  1  -1  0   0  0  0  0/0   21 
Vernon Fiddler           0  0  0   0  0   1  0  1  11/17 12 
Viktor Kozlov            0  0  0   0  0   0  0  0  0/0   1  
Zbynek Michalek          1  2  3   2  4   1  1  1  0/0   16 

3 Stars

1 - Alex Burrows (NSH)
2 - Zbynek Michalek (NSH)
3 - Nicklas Backstrom (NSH)

Power Play

Blues - 2 on 12 Attempt(s) - 16.67%
Predators - 1 on 5 Attempt(s) - 20.00%

Penalty Kill

Blues - 4 on 5 Attempt(s) - 80.00% - Score 0 goal in Penalty Kill
Predators - 10 on 12 Attempt(s) - 83.33% - Score 0 goal in Penalty Kill

Game Notes

Jamie Langenbrunner beats up Braydon Coburn at 13:18 of 3rd period

Finance

Level 1 -- Attendance: 6500 (100.00%) -- Ticket Income $520,000.00
Level 2 -- Attendance: 5000 (100.00%) -- Ticket Income $260,000.00
Level 3 -- Attendance: 3500 (100.00%) -- Ticket Income $105,000.00
Level 4 -- Attendance: 1113 (100.00%) -- Ticket Income $22,260.00
Luxury Box -- Attendance: 1000 (100.00%) -- Ticket Income $135,000.00
Game was played at the Sommet Center
Total Attendance: 17113 (100.00%)
Total Ticket Income: $1,054,313.00
Other Income: $316,294.01
Total Income: $1,370,607.00


Play by Play

Period #1

0:01 of 1st period - Jeff Carter wins face-off versus Saku Koivu in neutral zone.
0:37 of 1st period - Patrik Elias is hit by Robyn Regehr and loses puck.
0:51 of 1st period - Icing by Marek Svatos.
0:52 of 1st period - Kristian Huselius wins face-off versus Nicklas Backstrom in Blues zone.
0:52 of 1st period - Kristian Huselius is hit by Steven Stamkos.
1:26 of 1st period - Shot by Steven Stamkos.
1:26 of 1st period - Stopped by Jonathan Quick without a rebound.
1:27 of 1st period - Daymond Langkow wins face-off versus David Legwand in Blues zone.
1:27 of 1st period - Daymond Langkow is hit by Scott Hartnell.
1:32 of 1st period - Minor Penalty to Hal Gill for Slashing.
1:33 of 1st period - Jeff Carter wins face-off versus Daymond Langkow in Blues zone.
1:42 of 1st period - Shot by Jeff Carter.
1:42 of 1st period - Stopped by Jonathan Quick with a rebound.
1:46 of 1st period - Shot by Tomas Kaberle.
1:46 of 1st period - Shot Misses the Net.
1:48 of 1st period - Shot by Braydon Coburn.
1:48 of 1st period - Goal by Braydon Coburn - Blues : 0 - Predators : 1.
1:49 of 1st period - David Legwand wins face-off versus Daymond Langkow in neutral zone.
2:11 of 1st period - Alex Burrows is hit by Chris Chelios and loses puck.
2:17 of 1st period - David Legwand is hit by Hal Gill.
2:21 of 1st period - Shot by Alex Burrows.
2:21 of 1st period - Shot Misses the Net.
2:25 of 1st period - Shot by Alex Burrows.
2:25 of 1st period - Stopped by Jonathan Quick without a rebound.
2:26 of 1st period - Matthew Lombardi wins face-off versus Vernon Fiddler in Blues zone.
2:49 of 1st period - Shea Weber is hit by Chris Kunitz and loses puck.
3:00 of 1st period - Shot by Scottie Upshall.
3:00 of 1st period - Stopped by Jonathan Quick without a rebound.
3:01 of 1st period - Saku Koivu wins face-off versus Nicklas Backstrom in Blues zone.
3:19 of 1st period - Icing by Brent Burns.
3:20 of 1st period - Nicklas Backstrom wins face-off versus Daymond Langkow in Predators zone.
3:35 of 1st period - Jussi Jokinen is hit by Braydon Coburn and loses puck.
3:41 of 1st period - Mike Comrie is hit by Braydon Coburn and loses puck.
3:45 of 1st period - Jussi Jokinen is hit by Braydon Coburn and loses puck.
4:32 of 1st period - Shot by Jamie Langenbrunner.
4:32 of 1st period - Stopped by Pekka Rinne without a rebound.
4:33 of 1st period - Jeff Carter wins face-off versus Saku Koivu in Predators zone.
4:38 of 1st period - Scott Niedermayer is hit by Simon Gagne and loses puck.
4:47 of 1st period - Shot by Saku Koivu.
4:47 of 1st period - Goal by Saku Koivu - Blues : 1 - Predators : 1.
4:48 of 1st period - David Legwand wins face-off versus Daymond Langkow in neutral zone.
4:59 of 1st period - Shot by Scott Hartnell.
4:59 of 1st period - Shot Hit the Post.
5:01 of 1st period - Shot by Alex Burrows.
5:01 of 1st period - Shot Blocked by Stephane Yelle.
5:03 of 1st period - Shot by Zbynek Michalek.
5:03 of 1st period - Goal by Zbynek Michalek - Blues : 1 - Predators : 2.
5:04 of 1st period - Saku Koivu wins face-off versus Jeff Carter in neutral zone.
5:19 of 1st period - Minor Penalty to Shea Weber for Holding.
5:20 of 1st period - Matthew Lombardi wins face-off versus Vernon Fiddler in Predators zone.
5:23 of 1st period - Shot by Chris Kunitz.
5:23 of 1st period - Shot Misses the Net.
5:40 of 1st period - Icing by Matthew Lombardi.
5:41 of 1st period - David Legwand wins face-off versus Matthew Lombardi in Blues zone.
6:20 of 1st period - Shot by Saku Koivu.
6:20 of 1st period - Stopped by Pekka Rinne without a rebound.
6:21 of 1st period - David Legwand wins face-off versus Saku Koivu in Predators zone.
6:21 of 1st period - David Legwand is hit by Jamie Langenbrunner.
6:49 of 1st period - Shot by Scott Niedermayer.
6:49 of 1st period - Stopped by Pekka Rinne with a rebound.
6:53 of 1st period - Shot by Scott Niedermayer.
6:53 of 1st period - Stopped by Pekka Rinne without a rebound.
6:54 of 1st period - Matthew Lombardi wins face-off versus Vernon Fiddler in Predators zone.
7:19 of 1st period - Shot by Matthew Lombardi.
7:19 of 1st period - Stopped by Pekka Rinne without a rebound.
7:20 of 1st period - Jeff Carter wins face-off versus Mike Comrie in Predators zone.
7:27 of 1st period - Shot by Jeff Carter.
7:27 of 1st period - Stopped by Jonathan Quick without a rebound.
7:28 of 1st period - Jeff Carter wins face-off versus Daymond Langkow in Blues zone.
7:28 of 1st period - Simon Gagne is hit by Dion Phaneuf and loses puck.
7:46 of 1st period - Shot by Simon Gagne.
7:46 of 1st period - Shot Misses the Net.
7:49 of 1st period - Minor Penalty to Jeff Carter for Roughing.
7:50 of 1st period - David Legwand wins face-off versus Saku Koivu in Predators zone.
8:02 of 1st period - Shot by Robyn Regehr.
8:02 of 1st period - Stopped by Pekka Rinne with a rebound.
8:04 of 1st period - Shot by Scott Niedermayer.
8:04 of 1st period - Stopped by Pekka Rinne with a rebound.
8:06 of 1st period - Shot by Scott Niedermayer.
8:06 of 1st period - Shot Blocked by Shea Weber.
8:10 of 1st period - Shot by Scott Niedermayer.
8:10 of 1st period - Stopped by Pekka Rinne with a rebound.
8:12 of 1st period - Shot by Robyn Regehr.
8:12 of 1st period - Shot Blocked by Derek Morris.
8:14 of 1st period - Shot by Saku Koivu.
8:14 of 1st period - Stopped by Pekka Rinne without a rebound.
8:15 of 1st period - Matthew Lombardi wins face-off versus David Legwand in Predators zone.
8:26 of 1st period - Shot by Chris Kunitz.
8:26 of 1st period - Stopped by Pekka Rinne without a rebound.
8:27 of 1st period - Saku Koivu wins face-off versus David Legwand in Predators zone.
8:27 of 1st period - Saku Koivu is hit by Braydon Coburn.
10:10 of 1st period - Shot by Thomas Vanek.
10:10 of 1st period - Shot Misses the Net.
10:22 of 1st period - Shot by Steven Stamkos.
10:22 of 1st period - Stopped by Jonathan Quick without a rebound.
10:23 of 1st period - Matthew Lombardi wins face-off versus Jeff Carter in Blues zone.
10:34 of 1st period - Icing by Jeff Carter.
10:35 of 1st period - Jeff Carter wins face-off versus Matthew Lombardi in Predators zone.
10:47 of 1st period - Icing by Brad Lukowich.
10:48 of 1st period - Matthew Lombardi wins face-off versus David Legwand in Blues zone.
11:06 of 1st period - Off-side.
11:07 of 1st period - Nicklas Backstrom wins face-off versus Daymond Langkow in neutral zone.
11:13 of 1st period - Minor Penalty to Hal Gill for Slashing.
11:14 of 1st period - Jeff Carter wins face-off versus Daymond Langkow in Blues zone.
11:19 of 1st period - Shot by Jeff Carter.
11:19 of 1st period - Stopped by Jonathan Quick without a rebound.
11:20 of 1st period - Daymond Langkow wins face-off versus Nicklas Backstrom in Blues zone.
11:39 of 1st period - Shot by Brent Burns.
11:39 of 1st period - Shot Misses the Net.
11:41 of 1st period - Shot by Brent Burns.
11:41 of 1st period - Shot Misses the Net.
11:43 of 1st period - Shot by Nicklas Backstrom.
11:43 of 1st period - Stopped by Jonathan Quick with a rebound.
11:45 of 1st period - Shot by Thomas Vanek.
11:45 of 1st period - Shot Misses the Net.
11:47 of 1st period - Shot by Thomas Vanek.
11:47 of 1st period - Shot Misses the Net.
11:49 of 1st period - Shot by Brent Burns.
11:49 of 1st period - Shot Misses the Net.
11:51 of 1st period - Shot by Brent Burns.
11:51 of 1st period - Shot Blocked by Scott Niedermayer.
11:53 of 1st period - Shot by Shea Weber.
11:53 of 1st period - Stopped by Jonathan Quick without a rebound.
11:54 of 1st period - Saku Koivu wins face-off versus Jeff Carter in Blues zone.
11:54 of 1st period - Saku Koivu is hit by Patrik Elias.
12:12 of 1st period - Shot by Jeff Carter.
12:12 of 1st period - Stopped by Jonathan Quick without a rebound.
12:13 of 1st period - Daymond Langkow wins face-off versus Jeff Carter in Blues zone.
12:49 of 1st period - Patrik Elias is hit by Robyn Regehr and loses puck.
13:15 of 1st period - Thomas Vanek is hit by Hal Gill.
13:25 of 1st period - Shot by Mike Comrie.
13:25 of 1st period - Goal by Mike Comrie - Blues : 2 - Predators : 2.
13:26 of 1st period - David Legwand wins face-off versus Matthew Lombardi in neutral zone.
13:51 of 1st period - Shot by Alex Burrows.
13:51 of 1st period - Goal by Alex Burrows - Blues : 2 - Predators : 3.
13:52 of 1st period - Saku Koivu wins face-off versus Nicklas Backstrom in neutral zone.
14:31 of 1st period - Shot by Thomas Vanek.
14:31 of 1st period - Stopped by Jonathan Quick without a rebound.
14:32 of 1st period - Matthew Lombardi wins face-off versus Vernon Fiddler in Blues zone.
14:38 of 1st period - Dion Phaneuf is hit by Shea Weber and loses puck.
15:00 of 1st period - Matthew Lombardi is hit by Shea Weber and loses puck.
15:11 of 1st period - Shot by Tomas Kaberle.
15:11 of 1st period - Shot Misses the Net.
15:33 of 1st period - Shot by David Legwand.
15:33 of 1st period - Shot Misses the Net.
15:49 of 1st period - Shot by David Legwand.
15:49 of 1st period - Shot Blocked by Dion Phaneuf.
15:51 of 1st period - Shot by Zbynek Michalek.
15:51 of 1st period - Shot Misses the Net.
15:55 of 1st period - Minor Penalty to Brad Lukowich for Hooking.
15:56 of 1st period - Nicklas Backstrom wins face-off versus Daymond Langkow in Blues zone.
16:01 of 1st period - Shot by Nicklas Backstrom.
16:01 of 1st period - Shot Misses the Net.
16:03 of 1st period - Shot by Shea Weber.
16:03 of 1st period - Stopped by Jonathan Quick without a rebound.
16:04 of 1st period - Daymond Langkow wins face-off versus Jeff Carter in Blues zone.
16:04 of 1st period - Daymond Langkow is hit by Patrik Elias.
16:20 of 1st period - Shot by Jeff Carter.
16:20 of 1st period - Stopped by Jonathan Quick without a rebound.
16:21 of 1st period - Nicklas Backstrom wins face-off versus Daymond Langkow in Blues zone.
16:22 of 1st period - Shot by Thomas Vanek.
16:22 of 1st period - Shot Misses the Net.
16:24 of 1st period - Shot by Shea Weber.
16:24 of 1st period - Stopped by Jonathan Quick with a rebound.
16:26 of 1st period - Shot by Brent Burns.
16:26 of 1st period - Shot Misses the Net.
16:28 of 1st period - Shot by Shea Weber.
16:28 of 1st period - Stopped by Jonathan Quick without a rebound.
16:29 of 1st period - Saku Koivu wins face-off versus Nicklas Backstrom in Blues zone.
16:36 of 1st period - Shot by Shea Weber.
16:36 of 1st period - Shot Blocked by Daymond Langkow.
16:38 of 1st period - Shot by Shea Weber.
16:38 of 1st period - Shot Misses the Net.
16:40 of 1st period - Shot by Shea Weber.
16:40 of 1st period - Stopped by Jonathan Quick without a rebound.
16:41 of 1st period - Daymond Langkow wins face-off versus Jeff Carter in Blues zone.
17:37 of 1st period - Shot by Shea Weber.
17:37 of 1st period - Shot Blocked by Hal Gill.
17:39 of 1st period - Shot by Thomas Vanek.
17:39 of 1st period - Shot Misses the Net.
17:55 of 1st period - Shot by Thomas Vanek.
17:55 of 1st period - Shot Misses the Net.
17:57 of 1st period - Shot by Scott Hartnell.
17:57 of 1st period - Shot Hit the Post.
18:43 of 1st period - Saku Koivu is hit by Alex Burrows and loses puck.
18:56 of 1st period - Icing by Derek Morris.
18:57 of 1st period - David Legwand wins face-off versus Saku Koivu in Predators zone.
19:05 of 1st period - Saku Koivu is hit by Derek Morris and loses puck.
19:07 of 1st period - Minor Penalty to Zbynek Michalek for Hooking.
19:08 of 1st period - Vernon Fiddler wins face-off versus Matthew Lombardi in Predators zone.

Period #2

0:01 of 2nd period - Saku Koivu wins face-off versus David Legwand in neutral zone.
0:13 of 2nd period - Shot by Robyn Regehr.
0:13 of 2nd period - Stopped by Pekka Rinne without a rebound.
0:14 of 2nd period - Vernon Fiddler wins face-off versus Matthew Lombardi in Predators zone.
0:31 of 2nd period - Shot by Dion Phaneuf.
0:31 of 2nd period - Shot Misses the Net.
1:23 of 2nd period - Shot by Kristian Huselius.
1:23 of 2nd period - Stopped by Pekka Rinne without a rebound.
1:24 of 2nd period - Daymond Langkow wins face-off versus Jeff Carter in Predators zone.
1:51 of 2nd period - Shot by Jussi Jokinen.
1:51 of 2nd period - Shot Blocked by Shea Weber.
2:16 of 2nd period - Marek Svatos is hit by Shea Weber and loses puck.
2:21 of 2nd period - Shot by Kristian Huselius.
2:21 of 2nd period - Stopped by Pekka Rinne without a rebound.
2:22 of 2nd period - Matthew Lombardi wins face-off versus Nicklas Backstrom in Predators zone.
2:43 of 2nd period - Shot by Steven Stamkos.
2:43 of 2nd period - Shot Misses the Net.
2:54 of 2nd period - Icing by Thomas Vanek.
2:55 of 2nd period - Nicklas Backstrom wins face-off versus Saku Koivu in Predators zone.
3:08 of 2nd period - Shot by Saku Koivu.
3:08 of 2nd period - Stopped by Pekka Rinne without a rebound.
3:09 of 2nd period - Daymond Langkow wins face-off versus David Legwand in Predators zone.
3:09 of 2nd period - Scott Niedermayer is hit by Derek Morris and loses puck.
3:17 of 2nd period - Daymond Langkow is hit by Derek Morris and loses puck.
3:25 of 2nd period - Minor Penalty to Scott Hartnell for Roughing.
3:26 of 2nd period - David Legwand wins face-off versus Saku Koivu in Predators zone.
4:19 of 2nd period - Shot by Brad Lukowich.
4:19 of 2nd period - Shot Misses the Net.
4:21 of 2nd period - Shot by Brad Lukowich.
4:21 of 2nd period - Goal by Brad Lukowich - Blues : 3 - Predators : 3.
4:22 of 2nd period - Mike Comrie wins face-off versus Nicklas Backstrom in neutral zone.
4:27 of 2nd period - Shot by Daymond Langkow.
4:27 of 2nd period - Shot Misses the Net.
4:36 of 2nd period - Icing by Daymond Langkow.
4:37 of 2nd period - Daymond Langkow wins face-off versus David Legwand in Blues zone.
4:45 of 2nd period - Jussi Jokinen is hit by Zbynek Michalek and loses puck.
5:00 of 2nd period - Shot by Alex Burrows.
5:00 of 2nd period - Goal by Alex Burrows - Blues : 3 - Predators : 4.
5:01 of 2nd period - Jeff Carter wins face-off versus Matthew Lombardi in neutral zone.
5:54 of 2nd period - Shot by Thomas Vanek.
5:54 of 2nd period - Deflect By Nicklas Backstrom.
5:54 of 2nd period - Stopped by Jonathan Quick with a rebound.
5:58 of 2nd period - Shot by Nicklas Backstrom.
5:58 of 2nd period - Stopped by Jonathan Quick without a rebound.
5:59 of 2nd period - David Legwand wins face-off versus Saku Koivu in Blues zone.
6:12 of 2nd period - Shot by Marek Svatos.
6:12 of 2nd period - Stopped by Pekka Rinne without a rebound.
6:13 of 2nd period - Daymond Langkow wins face-off versus Nicklas Backstrom in Predators zone.
6:13 of 2nd period - Mike Comrie is hit by Braydon Coburn.
6:22 of 2nd period - Minor Penalty to Braydon Coburn for Tripping.
6:23 of 2nd period - David Legwand wins face-off versus Saku Koivu in Predators zone.
6:44 of 2nd period - Shot by Scott Niedermayer.
6:44 of 2nd period - Stopped by Pekka Rinne with a rebound.
7:34 of 2nd period - Shot by Brad Lukowich.
7:34 of 2nd period - Shot Blocked by Vernon Fiddler.
8:08 of 2nd period - Shot by Saku Koivu.
8:08 of 2nd period - Stopped by Pekka Rinne without a rebound.
8:09 of 2nd period - Vernon Fiddler wins face-off versus Daymond Langkow in Predators zone.
8:25 of 2nd period - Minor Penalty to Braydon Coburn for Hooking.
8:26 of 2nd period - Vernon Fiddler wins face-off versus Chris Kunitz in Predators zone.
8:51 of 2nd period - Shot by Dion Phaneuf.
8:51 of 2nd period - Shot Misses the Net.
8:55 of 2nd period - Shot by Chris Kunitz.
8:55 of 2nd period - Shot Misses the Net.
9:27 of 2nd period - Shot by Jamie Langenbrunner.
9:27 of 2nd period - Stopped by Pekka Rinne without a rebound.
9:28 of 2nd period - Vernon Fiddler wins face-off versus Mike Comrie in Predators zone.
9:53 of 2nd period - Shot by Daymond Langkow.
9:53 of 2nd period - Deflect By Stephane Yelle.
9:53 of 2nd period - Stopped by Pekka Rinne without a rebound.
9:54 of 2nd period - Saku Koivu wins face-off versus Patrik Elias in Predators zone.
10:05 of 2nd period - Shot by Kristian Huselius.
10:05 of 2nd period - Stopped by Pekka Rinne without a rebound.
10:06 of 2nd period - Saku Koivu wins face-off versus David Legwand in Predators zone.
10:58 of 2nd period - Shot by Thomas Vanek.
10:58 of 2nd period - Shot Misses the Net.
11:00 of 2nd period - Shot by Nicklas Backstrom.
11:00 of 2nd period - Goal by Nicklas Backstrom - Blues : 3 - Predators : 5.
11:01 of 2nd period - Daymond Langkow wins face-off versus Jeff Carter in neutral zone.
11:31 of 2nd period - Icing by Brian Willsie.
11:32 of 2nd period - Daymond Langkow wins face-off versus David Legwand in Blues zone.
11:57 of 2nd period - Shot by Jamie Langenbrunner.
11:57 of 2nd period - Stopped by Pekka Rinne without a rebound.
11:58 of 2nd period - Nicklas Backstrom wins face-off versus Saku Koivu in Predators zone.
12:10 of 2nd period - Kristian Huselius is hit by Steven Stamkos and loses puck.
12:28 of 2nd period - Minor Penalty to Braydon Coburn for Hooking.
12:29 of 2nd period - Vernon Fiddler wins face-off versus Matthew Lombardi in Predators zone.
13:02 of 2nd period - Minor Penalty to Shea Weber for Slashing.
13:03 of 2nd period - David Legwand wins face-off versus Saku Koivu in Predators zone.
13:14 of 2nd period - Shot by Scott Niedermayer.
13:14 of 2nd period - Shot Blocked by Zbynek Michalek.
13:18 of 2nd period - Shot by Saku Koivu.
13:18 of 2nd period - Stopped by Pekka Rinne without a rebound.
13:19 of 2nd period - Saku Koivu wins face-off versus David Legwand in Predators zone.
13:26 of 2nd period - Shot by Scott Niedermayer.
13:26 of 2nd period - Stopped by Pekka Rinne without a rebound.
13:27 of 2nd period - David Legwand wins face-off versus Mike Comrie in Predators zone.
13:35 of 2nd period - Dion Phaneuf is hit by Brent Burns and loses puck.
13:43 of 2nd period - Chris Kunitz is hit by Brent Burns.
15:05 of 2nd period - Shot by Dion Phaneuf.
15:05 of 2nd period - Shot Misses the Net.
15:15 of 2nd period - Shot by Daymond Langkow.
15:15 of 2nd period - Deflect By Stephane Yelle.
15:15 of 2nd period - Shot Misses the Net.
15:53 of 2nd period - Shot by Nicklas Backstrom.
15:53 of 2nd period - Shot Hit the Post.
16:11 of 2nd period - Steven Stamkos is hit by Jamie Langenbrunner and loses puck.
16:43 of 2nd period - Minor Penalty to Zbynek Michalek for Interference.
16:44 of 2nd period - Matthew Lombardi wins face-off versus Vernon Fiddler in Predators zone.
17:10 of 2nd period - Derek Morris is hit by Chris Kunitz and loses puck.
17:35 of 2nd period - Shot by Kristian Huselius.
17:35 of 2nd period - Stopped by Pekka Rinne without a rebound.
17:36 of 2nd period - Vernon Fiddler wins face-off versus Saku Koivu in Predators zone.
17:45 of 2nd period - Shot by Scott Niedermayer.
17:45 of 2nd period - Shot Misses the Net.
17:47 of 2nd period - Shot by Saku Koivu.
17:47 of 2nd period - Shot Misses the Net.
17:49 of 2nd period - Shot by Saku Koivu.
17:49 of 2nd period - Stopped by Pekka Rinne with a rebound.
18:18 of 2nd period - Icing by Matthew Lombardi.
18:19 of 2nd period - Vernon Fiddler wins face-off versus Matthew Lombardi in Blues zone.
19:25 of 2nd period - Icing by Simon Gagne.
19:26 of 2nd period - Saku Koivu wins face-off versus Jeff Carter in Predators zone.

Period #3

0:01 of 3rd period - Jeff Carter wins face-off versus Saku Koivu in neutral zone.
0:08 of 3rd period - Shot by Shea Weber.
0:08 of 3rd period - Stopped by Jonathan Quick without a rebound.
0:09 of 3rd period - Nicklas Backstrom wins face-off versus Matthew Lombardi in Blues zone.
0:25 of 3rd period - Steven Stamkos is hit by Chris Kunitz.
0:45 of 3rd period - Shot by Steven Stamkos.
0:45 of 3rd period - Shot Misses the Net.
1:18 of 3rd period - Nicklas Backstrom is hit by Marek Svatos and loses puck.
1:40 of 3rd period - Icing by Braydon Coburn.
1:41 of 3rd period - Daymond Langkow wins face-off versus Nicklas Backstrom in Predators zone.
1:44 of 3rd period - Shot by Jussi Jokinen.
1:44 of 3rd period - Stopped by Pekka Rinne without a rebound.
1:45 of 3rd period - Jeff Carter wins face-off versus Daymond Langkow in Predators zone.
1:59 of 3rd period - Patrik Elias is hit by Chris Chelios.
2:24 of 3rd period - Shot by Jeff Carter.
2:24 of 3rd period - Deflect By Patrik Elias.
2:24 of 3rd period - Shot Blocked by Hal Gill.
2:49 of 3rd period - Icing by Derek Morris.
2:50 of 3rd period - David Legwand wins face-off versus Saku Koivu in Predators zone.
2:54 of 3rd period - Zbynek Michalek is hit by Robyn Regehr and loses puck.
3:08 of 3rd period - Minor Penalty to Marek Svatos for Tripping.
3:09 of 3rd period - Saku Koivu wins face-off versus Patrik Elias in Blues zone.
3:15 of 3rd period - Icing by Jeff Carter.
3:16 of 3rd period - Saku Koivu wins face-off versus Jeff Carter in Predators zone.
3:22 of 3rd period - Minor Penalty to Daymond Langkow for Holding.
3:23 of 3rd period - Jamie Langenbrunner wins face-off versus Nicklas Backstrom in Blues zone.
3:34 of 3rd period - Shot by Shea Weber.
3:34 of 3rd period - Stopped by Jonathan Quick without a rebound.
3:35 of 3rd period - Jeff Carter wins face-off versus Saku Koivu in Blues zone.
4:37 of 3rd period - Nicklas Backstrom is hit by Dion Phaneuf.
5:36 of 3rd period - Minor Penalty to Derek Morris for Interference.
5:37 of 3rd period - Matthew Lombardi wins face-off versus David Legwand in Predators zone.
6:08 of 3rd period - Shot by Matthew Lombardi.
6:08 of 3rd period - Shot Blocked by David Legwand.
6:15 of 3rd period - Icing by Dion Phaneuf.
6:16 of 3rd period - Vernon Fiddler wins face-off versus Matthew Lombardi in Blues zone.
6:39 of 3rd period - Shot by Scott Niedermayer.
6:39 of 3rd period - Deflect By Saku Koivu.
6:39 of 3rd period - Stopped by Pekka Rinne without a rebound.
6:40 of 3rd period - Saku Koivu wins face-off versus David Legwand in Predators zone.
6:57 of 3rd period - Shot by Jamie Langenbrunner.
6:57 of 3rd period - Stopped by Pekka Rinne without a rebound.
6:58 of 3rd period - Vernon Fiddler wins face-off versus Saku Koivu in Predators zone.
7:46 of 3rd period - Icing by Hal Gill.
7:47 of 3rd period - Mike Comrie wins face-off versus Nicklas Backstrom in Blues zone.
7:47 of 3rd period - Mike Comrie is hit by Steven Stamkos.
7:56 of 3rd period - Icing by Hal Gill.
7:57 of 3rd period - Daymond Langkow wins face-off versus David Legwand in Blues zone.
7:57 of 3rd period - Daymond Langkow is hit by Scott Hartnell.
8:05 of 3rd period - Shot by Jussi Jokinen.
8:05 of 3rd period - Stopped by Pekka Rinne without a rebound.
8:06 of 3rd period - Jamie Langenbrunner wins face-off versus Nicklas Backstrom in Predators zone.
8:17 of 3rd period - Shot by Chris Kunitz.
8:17 of 3rd period - Deflect By Matthew Lombardi.
8:17 of 3rd period - Stopped by Pekka Rinne without a rebound.
8:18 of 3rd period - Jeff Carter wins face-off versus Daymond Langkow in Predators zone.
8:18 of 3rd period - Jeff Carter is hit by Brian Willsie.
8:25 of 3rd period - Off-side.
8:26 of 3rd period - Saku Koivu wins face-off versus David Legwand in neutral zone.
8:28 of 3rd period - Off-side.
8:29 of 3rd period - David Legwand wins face-off versus Daymond Langkow in neutral zone.
8:31 of 3rd period - Off-side.
8:32 of 3rd period - Saku Koivu wins face-off versus Steven Stamkos in neutral zone.
8:32 of 3rd period - Scott Niedermayer is hit by Steven Stamkos and loses puck.
8:53 of 3rd period - Icing by Braydon Coburn.
8:54 of 3rd period - Nicklas Backstrom wins face-off versus Matthew Lombardi in Predators zone.
9:01 of 3rd period - Shot by Thomas Vanek.
9:01 of 3rd period - Shot Misses the Net.
9:08 of 3rd period - Minor Penalty to Steven Stamkos for Roughing.
9:09 of 3rd period - Vernon Fiddler wins face-off versus Matthew Lombardi in Predators zone.
10:18 of 3rd period - Shot by Kristian Huselius.
10:18 of 3rd period - Stopped by Pekka Rinne without a rebound.
10:19 of 3rd period - Saku Koivu wins face-off versus David Legwand in Predators zone.
10:20 of 3rd period - Shot by Scott Niedermayer.
10:20 of 3rd period - Stopped by Pekka Rinne without a rebound.
10:21 of 3rd period - Saku Koivu wins face-off versus David Legwand in Predators zone.
11:32 of 3rd period - Shot by Jussi Jokinen.
11:32 of 3rd period - Shot Misses the Net.
11:34 of 3rd period - Shot by Hal Gill.
11:34 of 3rd period - Shot Misses the Net.
12:38 of 3rd period - Shot by Alex Burrows.
12:38 of 3rd period - Shot Misses the Net.
12:40 of 3rd period - Shot by Scott Hartnell.
12:40 of 3rd period - Deflect By Alex Burrows.
12:40 of 3rd period - Stopped by Jonathan Quick with a rebound.
12:42 of 3rd period - Shot by David Legwand.
12:42 of 3rd period - Shot Misses the Net.
12:44 of 3rd period - Shot by Alex Burrows.
12:44 of 3rd period - Stopped by Jonathan Quick without a rebound.
12:45 of 3rd period - Nicklas Backstrom wins face-off versus Matthew Lombardi in Blues zone.
13:14 of 3rd period - Nicklas Backstrom is hit by Brad Lukowich and loses puck.
13:18 of 3rd period - Jamie Langenbrunner beats up Braydon Coburn.
13:18 of 3rd period - Penalty to Braydon Coburn for Fighting.
13:18 of 3rd period - Penalty to Jamie Langenbrunner for Fighting.
13:19 of 3rd period - Saku Koivu wins face-off versus David Legwand in Blues zone.
14:22 of 3rd period - Chris Chelios is hit by Nicklas Backstrom and loses puck.
14:42 of 3rd period - Minor Penalty to Brent Burns for Charging.
14:43 of 3rd period - Matthew Lombardi wins face-off versus Vernon Fiddler in Predators zone.
14:46 of 3rd period - Shot by Mike Comrie.
14:46 of 3rd period - Shot Blocked by Shea Weber.
14:48 of 3rd period - Shot by Scott Niedermayer.
14:48 of 3rd period - Goal by Scott Niedermayer - Blues : 4 - Predators : 5.
14:49 of 3rd period - Daymond Langkow wins face-off versus Jeff Carter in neutral zone.
14:57 of 3rd period - Stephane Yelle is hit by Shea Weber and loses puck.
15:06 of 3rd period - Stephane Yelle is hit by Patrik Elias and loses puck.
15:41 of 3rd period - Icing by Brent Burns.
15:42 of 3rd period - Nicklas Backstrom wins face-off versus Matthew Lombardi in Predators zone.
15:47 of 3rd period - Shot by Steven Stamkos.
15:47 of 3rd period - Stopped by Jonathan Quick with a rebound.
15:51 of 3rd period - Shot by Thomas Vanek.
15:51 of 3rd period - Stopped by Jonathan Quick without a rebound.
15:52 of 3rd period - Matthew Lombardi wins face-off versus Nicklas Backstrom in Blues zone.
16:58 of 3rd period - Off-side.
16:59 of 3rd period - Simon Gagne wins face-off versus Mike Comrie in neutral zone.
17:02 of 3rd period - Shot by Nicklas Backstrom.
17:02 of 3rd period - Stopped by Jonathan Quick with a rebound.
18:10 of 3rd period - Shot by Jeff Carter.
18:10 of 3rd period - Stopped by Jonathan Quick without a rebound.
18:11 of 3rd period - Kristian Huselius wins face-off versus David Legwand in Blues zone.
18:40 of 3rd period - Shot by Vernon Fiddler.
18:40 of 3rd period - Stopped by Jonathan Quick without a rebound.
18:41 of 3rd period - Jeff Carter wins face-off versus Daymond Langkow in Blues zone.
18:55 of 3rd period - Shot by Jamie Langenbrunner.
18:55 of 3rd period - Shot Misses the Net.
19:01 of 3rd period - Blues, Jonathan Quick is pulled from the net.
19:01 of 3rd period - Shot by Brad Lukowich.
19:01 of 3rd period - Stopped by Pekka Rinne with a rebound.
19:03 of 3rd period - Shot by Stephane Yelle.
19:03 of 3rd period - Stopped by Pekka Rinne without a rebound.
19:04 of 3rd period - Jeff Carter wins face-off versus Saku Koivu in Predators zone.
19:13 of 3rd period - Shot by Jeff Carter.
19:13 of 3rd period - Shot Misses the Net.
19:16 of 3rd period - Icing by Scott Niedermayer.
19:17 of 3rd period - Jonathan Quick from Blues was sent back in the game.
19:17 of 3rd period - Jeff Carter wins face-off versus Saku Koivu in Blues zone.


Output by the SimonT Hockey Simulator (STHS) for Stephane Roy -- Original Page W3C XHTML 1.0 Valid